 Dungeon Crawl Stone Soup version 0.22.2-1-ge965b3aba3 (webtiles) character file.

788 Freitmort the Conjurer (level 7, -4/36 HPs)
             Began as a Deep Elf Conjurer on Aug 16, 2019.
             Shot with an arrow by a centaur (12 damage)
             ... on level 6 of the Dungeon on Aug 20, 2019.
             The game lasted 00:21:56 (6003 turns).

Freitmort the Conjurer (Deep Elf Conjurer)          Turns: 6003, Time: 00:21:56

Health: -4/36      AC:  3    Str:  7    XL:     7   Next: 56%
Magic:  3/20       EV: 13    Int: 20    God:
Gold:   258        SH:  0    Dex: 15    Spells: 14/21 levels left

rFire    . . .     SeeInvis .   m - +2 dagger (venom)
rCold    . . .     Gourm    +   (no shield)
rNeg     . . .     Faith    .   a - +0 robe
rPois    .         Spirit   .   (no helmet)
rElec    .         Reflect  .   (no cloak)
rCorr    .         Harm     .   k - +0 pair of gloves
MR       .....                  (no boots)
Stlth    +++.......             o - amulet of the gourmand
HPRegen  0.12/turn              (no ring)
MPRegen  0.17/turn              (no ring)

@: no status effects
A: no striking features
a: no special abilities


You were on level 6 of the Dungeon.
You were not hungry.

You visited 1 branch of the dungeon, and saw 6 of its levels.

You collected 258 gold pieces.

Inventory:

Hand Weapons
 m - a +2 dagger of venom (weapon)
Missiles
 e - 33 poisoned needles
Armour
 a - a +0 robe (worn)
 k - a +0 pair of gloves (worn)
Jewellery
 o - an amulet of the gourmand (around neck)
 t - an uncursed ring of flight {unknown}
Wands
 n - a wand of iceblast (14)
Scrolls
 b - 2 scrolls of enchant weapon
 q - 4 scrolls of teleportation
 r - 3 scrolls of fog
 s - a scroll of magic mapping
Potions
 d - 3 potions of flight
 f - a potion of might
 g - a potion of heal wounds
 h - a potion of cancellation
 i - a potion of mutation {unknown}
 j - a potion of berserk rage {unknown}
 l - 4 potions of curing
 p - 2 potions of ambrosia
Comestibles
 c - 11 rations


   Skills:
 + Level 2.7 Dodging
 + Level 3.8 Stealth
 + Level 7.5 Spellcasting
 + Level 7.7 Conjurations
 - Level 2.0 Evocations


You had 14 spell levels left.
You knew the following spells:

 Your Spells              Type           Power        Failure   Level  Hunger
a - Magic Dart            Conj           ####         1%          1    None
b - Searing Ray           Conj           #####.       1%          2    None
c - Iskenderun's Mystic   Conj           #####...     3%          4    ###....

Your spell library contained the following spells:

 Spells                   Type           Power        Failure   Level  Hunger
 Dazzling Spray           Conj/Hex       ###...       5%          3    None
 Corona                   Hex            #......      9%          1    None
 Ensorcelled Hibernation  Hex/Ice        #.....       14%         2    None
 Force Lance              Conj/Tloc      ###.....     19%         4    ###....
 Fulminant Prism          Conj/Hex       ###.......   19%         4    ###....
 Confuse                  Hex            #.......     26%         3    None
 Tukima's Dance           Hex            #.......     26%         3    None


Dungeon Overview and Level Annotations

Branches:
Dungeon (6/15)
 Temple: D:4-7

Altars:
Ashenzari
Nemelex Xobeh

Annotations:
D:3 2 transporters


Message History

Found a stone staircase leading up.
You see here an arrow.
Casting: Searing Ray (safe; 1% risk of failure)
Confirm with . or Enter, or press ? or * to list all spells.
Aiming: Searing Ray (safe; 1% risk of failure)
Press: ? - help, Shift-Dir - straight line, f - centaur
Aim: a centaur, wielding a shortbow The searing ray hits the centaur.
The centaur is lightly wounded. (Press . to maintain the ray.)
The centaur shoots an arrow.
The arrow barely misses you.
The searing ray hits the centaur.
The centaur is moderately wounded.
The centaur shoots an arrow.
The arrow completely misses you.
The searing ray hits the centaur.
The centaur is severely wounded.
The centaur shoots an arrow.
The arrow hits you!
* * * LOW HITPOINT WARNING * * *
The centaur shoots an arrow.
The arrow hits you!
You die...

# #.....# #
####.....# #
#........# #
#....##### #
#.(..########
#............
#....########
##(### # #@#
#.# #)# #c#
#)# #.. #..
.<#


You could see a centaur.

Vanquished Creatures
  A phantom (D:6)
  An ogre (D:4)
  2 centaurs (D:5)
  A scorpion (D:4)
  A crimson imp (D:5)
  3 worker ants
  An iguana (D:6)
  An orc wizard (D:6)
  A hound zombie (D:5)
  A hound skeleton (D:5)
  A worker ant zombie (D:5)
  4 gnolls (D:4)
  6 adders
  3 adder skeletons (D:5)
  An adder zombie (D:6)
  A worm (D:3)
  3 dart slugs
  3 leopard geckos
  9 orcs
  A ball python (D:1)
  9 bats
  4 giant cockroaches
  11 goblins
  2 hobgoblins (D:3)
  2 jackals (D:3)
  4 quokkas
  4 frilled lizards
  7 kobolds
  A leopard gecko skeleton (D:4)
  13 rats
102 creatures vanquished.

Notes
Turn   | Place    | Note
-------+----------+-------------------------------------------
     0 | D:1      | Freitmort the Deep Elf Conjurer began the quest for the
                  | Orb.
     0 | D:1      | Reached XP level 1. HP: 10/10 MP: 6/6
   229 | D:1      | Reached XP level 2. HP: 15/15 MP: 1/8
   544 | D:1      | Learned a level 2 spell: Searing Ray
   605 | D:1      | Reached skill level 5 in Conjurations
   939 | D:1      | Reached XP level 3. HP: 18/19 MP: 2/9
  2013 | D:3      | Reached XP level 4. HP: 24/24 MP: 9/11
  2169 | D:3      | Found a transporter.
  2186 | D:3      | Found a transporter.
  2407 | D:3      | Found a shattered altar of Ashenzari.
  3171 | D:4      | Reached XP level 5. HP: 20/28 MP: 10/13
  3537 | D:4      | Reached skill level 1 in Evocations
  3560 | D:4      | Reached skill level 5 in Spellcasting
  3852 | D:4      | Reached XP level 6. HP: 32/32 MP: 10/16
  4489 | D:5      | Entered Level 5 of the Dungeon
  4839 | D:5      | Reached XP level 7. HP: 36/36 MP: 14/18
  5329 | D:5      | Learned a level 4 spell: Iskenderun's Mystic Blast
  5818 | D:6      | Found a sparkling altar of Nemelex Xobeh.
  6003 | D:6      | Shot with an arrow by a centaur

Skill      XL: |  1  2  3  4  5  6  7 |
---------------+----------------------+-----
Conjurations   | 5 6 7 |  7.7
Spellcasting   | 4 5 6 7 |  7.5
Stealth        | 3 |  3.8
Evocations     | 1 2 |  2.0
Dodging        | |  2.7

Action                   |  1- 3 |  4- 6 |  7- 9 || total
-------------------------+-------+-------+-------++-------
 Cast: Magic Dart        |    68 |    76 |    38 ||   182
       Searing Ray       |     6 |    14 |     7 ||    27
       Iskenderun's Myst |       |       |     3 ||     3
  Use: Scroll            |     6 |     7 |       ||    13
  Eat: Chunk             |     3 |     6 |       ||     9
       Ration            |       |     1 |     1 ||     2
Armor: Robe              |     5 |     2 |     1 ||     8
Dodge: Dodged            |     9 |    13 |    14 ||    36
